 Dungeon Crawl Stone Soup version 0.31.0-32-g396128a36d (webtiles) character file.

Game seed: 8770415771146802726

254 AdnanSaban the Shield-Bearer (level 6, 0/38 HPs)
             Began as a Gargoyle Fighter on Apr 19, 2024.
             Slain by Sigmund
             ... wielding a +2 scythe of protection
              (10 damage)
             ... on level 2 of the Dungeon.
             The game lasted 00:01:52 (1659 turns).

AdnanSaban the Shield-Bearer (Gargoyle Fighter)     Turns: 1659, Time: 00:01:53

Health: 0/38       AC: 13    Str: 21    XL:     6   Next: 15%
Magic:  6/6        EV:  9    Int:  9    God:
Gold:   104        SH:  0    Dex:  9    Spells: 5/5 levels left

rFire   . . .        a - +0 flail
rCold   + . .        c - +0 buckler
rNeg    + . .        b - +0 scale mail
rPois   ∞            (no helmet)
rElec   +            (no cloak)
rCorr   .            j - +1 pair of gloves
SInv    .            (no boots)
Will    .....        (no amulet) Stlth
                     g - ring of protection from cold
HPRegen 0.26/turn    (no ring)
MPRegen 0.10/turn

%: no passive effects
@: confused
A: sickness immunity, AC +4, negative energy resistance 1, electricity
resistance, torment resistance 1, petrification resistance
a: no special abilities


You were on level 2 of the Dungeon.
You visited 1 branch of the dungeon, and saw 3 of its levels.

You collected 104 gold pieces.

Inventory:

Hand Weapons
 a - a +0 flail (weapon)
Armour
 b - a +0 scale mail (worn)
 c - a +0 buckler (worn)
 j - a +1 pair of gloves (worn)
Jewellery
 g - a ring of protection from cold (left hand)
Scrolls
 h - a scroll of enchant armour {unknown}
 i - a scroll of noise {unknown}
 l - 2 scrolls of identify {unknown}
 m - a scroll of blinking {unknown}
Potions
 d - 2 potions of might
 f - 3 potions of curing {unknown}
 k - a potion of brilliance {unknown}
 n - a potion of attraction {unknown}


   Skills:
 + Level 4.0 Fighting
 + Level 3.6 Maces & Flails
 + Level 0.3 Throwing
 + Level 4.3 Armour
 + Level 1.6 Dodging
 + Level 4.5 Shields


You had 5 spell levels left.
You didn't know any spells.
Your spell library was empty.

Dungeon Overview and Level Annotations

Branches:
Dungeon (3/15)

Altars:

Shops:
D:1 *

Annotations:
D:2 Sigmund


Innate Abilities, Weirdness & Mutations

You are immune to sickness and miasma.
Your stone body is resilient. (AC +4)
You are immune to poison.
You resist negative energy. (rN+)
You are resistant to electric shocks. (rElec)
You are resistant to unholy torment.
You are immune to petrification.


Message History

You closely miss Sigmund. You block Sigmund's attack.
You barely miss Sigmund. You hit Sigmund but do no damage.
Sigmund hits you with a +2 scythe of protection!
You sock Sigmund!
Sigmund is moderately wounded.
You block Sigmund's attack.
You hit Sigmund.
Sigmund is heavily wounded.
Sigmund barely misses you.
You closely miss Sigmund.
Sigmund is heavily wounded.
Sigmund closely misses you.
You closely miss Sigmund.
Sigmund is heavily wounded.
Sigmund mumbles some strange words.
Sigmund flickers and vanishes!
Deactivating autopickup; reactivate with Ctrl-A.
You closely miss something. Something hits you.
You barely miss something. Something hits you!
You barely miss something. Something hits you but does no damage.
You closely miss something. You barely miss something. Something hits you.
You barely miss something. Something hits you.
You miss something. Something hits you but does no damage.
You miss something. Something hits you but does no damage.
You hit something but do no damage. Something hits you but does no damage.
You barely miss something. You closely miss something.
Something hits you but does no damage.
You miss something. Something hits you but does no damage.
You miss something. Something hits you!
* * * LOW HITPOINT WARNING * * *
You barely miss something. Something hits you but does no damage.
You closely miss something. You barely miss something.
Something hits you but does no damage.
You barely miss something.
You hear some strange, mumbled words.
You are confused.
You bump into the rock wall.
Something hits you!
You die...

..##......... ##....
..##......... ..###
..###.######.
#.#####.#.. ..###.....#
#.#.....#.# .....####.#
#####.....#.[.. .....#
).............. .....#
#.........#.#.. .....#
##########.#######.#.###
.....# .(....{@.....#
#.....# .....#
##########.#+###.....#
.....##
#.............##.....# #
......#
#.............+......# #
......#
#.............##.....# #
......#
#....................###
#.#...#
#....)........###.......
#.#...# #.............#
#....### ....###
#.)...........# #....# #


There were no monsters in sight!

Vanquished Creatures
  Grinder (D:3)
  2 adders (D:2)
  2 dart slugs (D:1)
  3 endoplasms (D:1)
  A giant cockroach (D:1)
  2 goblins (D:1)
  3 hobgoblins
  6 jackals (D:1)
  3 kobolds
  2 quokkas (D:1)
  5 bats
  A frilled lizard (D:2)
  2 rats (D:1)
  A spectral kobold (D:1)
34 creatures vanquished.

Notes
Turn   | Place    | Note
-------+----------+-------------------------------------------
     0 | D:1      | AdnanSaban the Gargoyle Fighter began the quest for the
                  | Orb.
     0 | D:1      | Reached XP level 1. HP: 14/14 MP: 1/1
   142 | D:1      | Found a faded altar of an unknown god.
   194 | D:1      | Reached XP level 2. HP: 19/19 MP: 2/2
   355 | D:1      | Reached XP level 3. HP: 18/23 MP: 3/3
   621 | D:1      | Found Voff's Assorted Antiques.
  1160 | D:2      | Identified the +4 dagger "Suhuydd" {flame, rElec rPois rF-
                  | rC++}
  1280 | D:2      | You fall into a shaft and drop 1 floor!
  1295 | D:3      | Noticed Grinder
  1303 | D:3      | Paralysed by Grinder for 5 turns
  1321 | D:3      | Paralysed by Grinder for 4 turns
  1340 | D:3      | Killed Grinder
  1341 | D:3      | Reached skill level 1 in Dodging
  1341 | D:3      | Reached XP level 4. HP: 12/29 MP: 4/4
  1341 | D:3      | Reached XP level 5. HP: 14/33 MP: 5/5
  1341 | D:3      | Reached XP level 6. HP: 16/38 MP: 6/6
  1630 | D:2      | Noticed Sigmund
  1659 | D:2      | Slain by Sigmund

Illustrated notes

Levels and vault maps discovered:
D:1:      dpeg_arrival_chambers_temple_mockup, layout_loops_ring,
          dreamdust_ecumenical_altar_drowned_temple, serial_shops, shop
D:2:      layout_basic, minmay_cupped, uniq_sigmund
D:3:      layout_rooms, gammafunk_ghost_grave, minivault_26, uniq_grinder

Skill      XL: |  1  2  3 |
---------------+----------+-----
Fighting       | 4 |  4.0
Maces & Flails | 3 |  3.6
Armour         | 4 |  4.3
Dodging        | 1 |  1.6
Shields        | 4 |  4.5
Throwing       | |  0.3

Action                     |  1- 3 |  4- 6 || total
---------------------------+-------+-------++-------
  Melee: Flail             |   127 |    38 ||   165
  Throw: Javelin           |     3 |     2 ||     5
 Armour: Scale mail        |   117 |    33 ||   150
  Dodge: Dodged            |    68 |    17 ||    85
  Block: Buckler           |    33 |     7 ||    40
